 Dungeon Crawl Stone Soup version 0.28-a0-1130-gc51a68064b (console) character file.

Game seed: 733395797399241683

142552 jejorda2 the Bludgeoner (level 17, -8/135 HPs)
             Began as a Gnoll Berserker on Dec 12, 2021.
             Was a High Priest of Trog.
             Mangled by a titanic slime creature (93 damage)
             ... on level 14 of the Dungeon on Dec 13, 2021.
             The game lasted 01:38:01 (34815 turns).

jejorda2 the Bludgeoner (Gnoll Berserker)          Turns: 34815, Time: 01:38:02

Health: -8/135     AC: 34    Str: 22    XL:     17   Next: 35%
Magic:  0/32       EV: 14    Int:  7    God:    Trog [*****.]
Gold:   791        SH: 12    Dex: 18    Spells: 38/38 levels left

rFire   + . .      SeeInvis .   a - +0 morningstar
rCold   + . .      Faith    .   J - +0 kite shield {AC+3}
rNeg    . . .      Spirit   +   Q - +1 chain mail {rPois}
rPois   +          Reflect  .   m - +2 helmet
rElec   .          Harm     .   P - +2 cloak
rCorr   +          Rampage  .   C - +2 pair of gloves {infuse}
Will    ++...                   F - +2 pair of boots of the Devil {Will+}
Stlth   ++........              S - amulet of Existentialism {Spirit rC+ Regen+ rCorr Dex+4}
HPRegen 1.12/turn               g - ring of protection from fire
MPRegen 0.23/turn               M - ring of Gozag's Hope {+Blink Fly AC+4}

@: on berserk cooldown, flying, slowed, studying 2 skills, very slow
A: fangs 1, strong nose, distributed training
a: Renounce Religion, Evoke Blink, Berserk, Trog's Hand, Brothers in Arms


You were on level 14 of the Dungeon.
You worshipped Trog.
Trog was extremely pleased with you.
You visited 3 branches of the dungeon, and saw 22 of its levels.
You also visited: Ice Cave.

You collected 3109 gold pieces.
You spent 2318 gold pieces at shops.

Inventory:

Hand Weapons
 a - a +0 morningstar (weapon)
Missiles
 e - 429 stones
 l - 5 curare-tipped darts
 q - 12 boomerangs
 v - 43 poisoned darts (quivered)
 x - 6 boomerangs of dispersal
 G - 18 javelins
Armour
 m - a +2 helmet (worn)
 C - a +2 pair of gloves of infusion (worn)
 F - the +2 pair of boots of the Devil (worn) {Will+}
   (You acquired it on level 9 of the Dungeon)

   Will:      It increases your willpower.
 J - a +0 kite shield of protection (worn)
 P - a +2 cloak (worn)
 Q - a +1 chain mail of poison resistance (worn)
Jewellery
 g - a ring of protection from fire (left hand)
 K - the ring "Oqaig" {rC+ Str+6}
   (You found it on level 12 of the Dungeon)

   [ring of strength]

   Str:       It affects your strength (+6).
   rC:        It protects you from cold.
 M - the ring of Gozag's Hope (right hand) {+Blink Fly AC+4}
   (You took it off a tengu warrior on level 12 of the Dungeon)

   [ring of protection]

   AC:        It affects your AC (+4).
   Fly:       It grants you flight.
   +Blink:    It lets you blink.
 S - the amulet of Existentialism (around neck) {Spirit rC+ Regen+ rCorr Dex+4}
   (You found it on level 6 of the Lair of Beasts)

   [amulet of guardian spirit]

   It causes incoming damage to be divided between your reserves of health and
   magic.
   Dex:       It affects your dexterity (+4).
   rC:        It protects you from cold.
   Regen:     It increases your rate of health regeneration.
   rCorr:     It protects you from acid and corrosion.
Wands
 c - a wand of polymorph (4)
 o - a wand of charming (14)
 r - a wand of mindburst (7)
 y - a wand of flame (30)
 I - a wand of acid (15)
 L - a wand of iceblast (4)
Scrolls
 b - a scroll of summoning
 d - 3 scrolls of teleportation
 h - 4 scrolls of blinking
 k - 7 scrolls of magic mapping
 s - a scroll of fog
 N - a scroll of fear
Potions
 f - a potion of invisibility
 i - 5 potions of might
 j - a potion of mutation
 n - 4 potions of ambrosia
 p - 3 potions of curing
 A - a potion of berserk rage
 D - 5 potions of attraction
 E - 3 potions of haste
 H - 4 potions of lignification
Miscellaneous
 u - a lightning rod (4/4)


   Skills:
 + Level 12.7 Fighting
 + Level 11.0 Short Blades
 + Level 11.0 Long Blades
 + Level 11.0 Axes
 + Level 16.2 Maces & Flails
 + Level 11.0 Polearms
 + Level 11.0 Staves
 + Level 11.0 Slings
 + Level 11.0 Bows
 + Level 11.0 Crossbows
 + Level 11.0 Throwing
 + Level 12.0 Armour
 + Level 11.9 Dodging
 + Level 11.0 Stealth
 + Level 11.0 Shields
 + Level 11.0 Unarmed Combat
 + Level 11.0 Spellcasting
 + Level 9.3 Conjurations
 + Level 9.3 Hexes
 + Level 9.3 Summonings
 + Level 9.3 Necromancy
 + Level 9.3 Translocations
 + Level 9.3 Transmutations
 + Level 9.3 Fire Magic
 + Level 9.3 Ice Magic
 + Level 9.3 Air Magic
 + Level 9.3 Earth Magic
 + Level 9.3 Poison Magic
 + Level 12.0 Invocations
 + Level 11.0 Evocations


You had 38 spell levels left.
You didn't know any spells.
Your spell library was empty.

Dungeon Overview and Level Annotations

Branches:
Dungeon (14/15)            Temple (0/1) D:7            Lair (6/6) D:11
 Shoals (0/4) Lair:3       Spider (0/4) Lair:2        Slime (0/5) Lair:5
    Orc (2/2) D:9             Elf (0/3) Orc:2         IceCv (visited)
 Vaults: D:13-14

Altars:
Cheibriados
Elyvilon
Gozag
Qazlal
Trog
Vehumet
Wu Jian
Xom
Zin

Shops:
D:2 =   D:4 *   D:9 [?(   Orc:2 *=[(:

Annotations:
D:12 3 runed translucent doors, Fuumyij's ghost, journeyman DsGl
Lair:1 2 transporters


Innate Abilities, Weirdness & Mutations

You have very sharp teeth.
Your uncanny sense of smell can sniff out nearby items.
Your experience applies equally to all skills.


Message History

The titanic slime creature is moderately wounded.
You block the titanic slime creature's attack.
You barely miss the titanic slime creature.
The titanic slime creature is moderately wounded.
You barely miss the titanic slime creature.
The titanic slime creature is moderately wounded.
The titanic slime creature misses you.
You hit the titanic slime creature.
The titanic slime creature is moderately wounded.
You bludgeon the titanic slime creature!!
The titanic slime creature is heavily wounded.
The titanic slime creature misses you.
You sock the titanic slime creature!
The titanic slime creature is heavily wounded.
You barely miss the titanic slime creature.
The titanic slime creature is heavily wounded.
You are no longer berserk.
You are exhausted.
You feel yourself slow down. The titanic slime creature hits you!
You hit the titanic slime creature.
The titanic slime creature is heavily wounded.
The titanic slime creature hits you!
You bludgeon the titanic slime creature!!
Your bite misses the titanic slime creature.
The titanic slime creature is heavily wounded.
You block the titanic slime creature's attack.
You puncture the titanic slime creature!
The titanic slime creature is severely wounded.
The titanic slime creature closely misses you.
You bludgeon the titanic slime creature!!
The titanic slime creature is severely wounded.
The titanic slime creature misses you.
You hit the titanic slime creature. You bite the titanic slime creature.
The titanic slime creature is severely wounded.
You block the titanic slime creature's attack.
You impale the titanic slime creature!!
The titanic slime creature is severely wounded.
The titanic slime creature hits you!! The titanic slime creature hits you!!!!
Ouch! That really hurt!
You die...

###########
#.........#
#.#######.#
#.# #.#
#.####.#
#.####
#cJJ@..#
#....#
#.######
####.# #.#
#.# #.# ∆
#.# #.# #.#
#.#


You could see a titanic slime creature, a slime creature and a centaur warrior.

Vanquished Creatures
  Rupert (Lair:3)
  A sphinx (D:14)
  Gastronok (D:11)
  Kirke (Lair:4)
  A reaper (IceCv)
  Nessos (Lair:4)
  Snorg (Orc:1)
  An ettin (Orc:1)
  Fannar (D:9)
  Josephine (Lair:5)
  8 hydras
  6 boulder beetles
  A catoblepas (Lair:3)
  An ogre mage (D:12)
  5 centaur warriors
  4 two-headed ogres
  14 death yaks
  A tengu warrior (D:12)
  Urug (Lair:2)
  3 orc high priests
  A deep troll (shapeshifter) (D:13)
  A lindwurm (Lair:5)
  6 orc knights
  3 deep elf pyromancers
  An oklob plant (Lair:4)
  3 orc sorcerers (Orc:2)
  3 cyclopes
  6 ugly things
  4 manticores
  8 black mambas
  Maurice (D:13)
  3 ice statues
  4 gargoyles
  3 unseen horrors
  20 cane toads
  3 rime drakes
  3 kobold demonologists
  An anaconda simulacrum (IceCv)
  5 ice devils (IceCv)
  An efreet (D:11)
  13 komodo dragons
  4 entropy weaver simulacra (IceCv)
  A komodo dragon (shapeshifter) (D:12)
  6 trolls
  6 polar bears
  A wind drake (Lair:3)
  A queen bee (D:11)
  7 dream sheep
  5 slime creatures
  11 blink frogs
  6 hornets
  A centaur simulacrum (D:12)
  2 dire elephant simulacra (IceCv)
  A tarantella (shapeshifter) (D:14)
  3 wyverns
  2 shadows (D:9)
  80 yaks
  15 spriggans (Lair:6)
  5 hogs (Lair:4)
  7 wraiths
  2 basilisks (Lair:3)
  3 steam dragons
  3 harpy simulacra (IceCv)
  3 wargs (Orc:1)
  2 acid dragons (D:12)
  A swamp worm (Lair:3)
  15 water moccasins
  A sky beast (D:6)
  21 orc warriors
  6 black bears
  An ice beast (D:6)
  3 boggarts (Lair:6)
  12 centaurs
  5 ogres
  22 wolves
  2 phantoms
  4 kobold brigands
  10 bullfrogs
  A gnoll sergeant (D:7)
  2 two-headed ogre simulacra (IceCv)
  A scorpion (D:6)
  A water moccasin skeleton (D:4)
  2 troll zombies (D:9)
  28 killer bees
  10 wights
  4 howler monkeys
  3 electric eels
  A bullfrog zombie (D:6)
  A centaur zombie (D:6)
  A bullfrog skeleton (D:4)
  A centaur skeleton (D:6)
  6 jellies
  18 orc priests
  A gnoll shaman (D:5)
  A hound (D:6)
  2 iguanas
  15 orc wizards
  5 hell rats (Lair:3)
  2 troll simulacra (IceCv)
  2 killer bee zombies
  4 ogre zombies (D:9)
  11 gnolls
  5 adders
  2 shadow imps
  A white imp (IceCv)
  An ufetubus (IceCv)
  2 worms
  55 orcs
  7 bats
  5 endoplasms
  5 giant cockroaches
  9 goblins
  8 hobgoblins
  A jackal (D:2)
  7 quokkas
  11 ball pythons
  A goblin skeleton (D:9)
  3 goblin zombies (D:9)
  A hobgoblin zombie (D:9)
  17 kobolds
  3 orc skeletons (D:9)
  11 orc zombies (D:9)
  4 rats
709 creatures vanquished.

Vanquished Creatures (collateral kills)
  2 swamp worms (Lair:3)
2 creatures vanquished.

Vanquished Creatures (others)
  An unseen horror (D:12)
  3 wraiths (Lair:5)
  A water moccasin (Lair:5)
  A floating eye (Orc:2)
  An orc (Orc:2)
  32 fungi
  84 plants
123 creatures vanquished.

Grand Total: 834 creatures vanquished

Notes
Turn   | Place    | Note
-------+----------+-------------------------------------------
     0 | D:1      | jejorda2 the Gnoll Berserker began the quest for the Orb.
     0 | D:1      | Reached XP level 1. HP: 23/23 MP: 1/1
   288 | D:1      | Reached XP level 2. HP: 25/29 MP: 2/2
  1074 | D:2      | Reached XP level 3. HP: 33/35 MP: 3/3
  1274 | D:2      | Reached skill level 1 in Invocations
  1527 | D:2      | Found Ciores's One-of-a-Kind Rings.
  1787 | D:2      | Found a faded altar of an unknown god.
  2357 | D:3      | Reached skill level 1 in Short Blades
  2357 | D:3      | Reached skill level 1 in Long Blades
  2357 | D:3      | Reached skill level 1 in Axes
  2357 | D:3      | Reached skill level 1 in Polearms
  2357 | D:3      | Reached skill level 1 in Staves
  2357 | D:3      | Reached skill level 1 in Slings
  2357 | D:3      | Reached skill level 1 in Bows
  2357 | D:3      | Reached skill level 1 in Crossbows
  2357 | D:3      | Reached skill level 1 in Throwing
  2357 | D:3      | Reached skill level 1 in Stealth
  2357 | D:3      | Reached skill level 1 in Shields
  2357 | D:3      | Reached skill level 1 in Unarmed Combat
  2357 | D:3      | Reached skill level 1 in Spellcasting
  2357 | D:3      | Reached skill level 1 in Evocations
  2592 | D:3      | Reached XP level 4. HP: 40/41 MP: 5/5
  2610 | D:3      | Reached ** piety under Trog
  2851 | D:3      | Noticed a black bear
  2862 | D:3      | Killed a black bear
  2863 | D:3      | Reached skill level 1 in Conjurations
  2863 | D:3      | Reached skill level 1 in Hexes
  2863 | D:3      | Reached skill level 1 in Summonings
  2863 | D:3      | Reached skill level 1 in Necromancy
  2863 | D:3      | Reached skill level 1 in Translocations
  2863 | D:3      | Reached skill level 1 in Transmutations
  2863 | D:3      | Reached skill level 1 in Fire Magic
  2863 | D:3      | Reached skill level 1 in Ice Magic
  2863 | D:3      | Reached skill level 1 in Air Magic
  2863 | D:3      | Reached skill level 1 in Earth Magic
  2863 | D:3      | Reached skill level 1 in Poison Magic
  2863 | D:3      | Reached XP level 5. HP: 47/47 MP: 5/7
  3152 | D:3      | Found an ornate altar of the Wu Jian Council.
  3152 | D:3      | Found a stormy altar of Qazlal.
  3160 | D:3      | Found a glowing silver altar of Zin.
  3162 | D:3      | Found a radiant altar of Vehumet.
  3164 | D:3      | Found a faded altar of an unknown god.
  3410 | D:4      | Identified a scroll of acquirement
  3410 | D:4      | Acquired a ring of protection from fire
  3514 | D:4      | Reached XP level 6. HP: 53/53 MP: 8/8
  3532 | D:4      | Reached skill level 5 in Armour
  3532 | D:4      | Reached skill level 5 in Dodging
  3871 | D:4      | Found Noinurgh's CLEARANCE SALE!.
  3876 | D:4      | Bought a scroll of identify for 6 gold pieces
  4036 | D:5      | Entered Level 5 of the Dungeon
  4240 | D:5      | Reached skill level 7 in Maces & Flails
  4240 | D:5      | Reached XP level 7. HP: 60/60 MP: 10/10
  4909 | D:5      | Acquired a manual of Maces & Flails
  4939 | D:5      | Found a white marble altar of Elyvilon.
  5134 | D:6      | Reached XP level 8. HP: 67/67 MP: 12/12
  5341 | D:6      | Found a snail-covered altar of Cheibriados.
  5378 | D:6      | Acquired a +1 kite shield of cold resistance
  5473 | D:6      | Noticed a kobold demonologist
  5474 | D:6      | Noticed a kobold demonologist
  5478 | D:6      | Noticed a red devil
  5484 | D:6      | Noticed an ice devil
  5516 | D:6      | Killed a kobold demonologist
  5517 | D:6      | Noticed a smoke demon
  5527 | D:6      | Killed a kobold demonologist
  5528 | D:6      | Reached skill level 8 in Maces & Flails
  5539 | D:6      | Reached XP level 9. HP: 42/73 MP: 14/14
  6728 | D:7      | Found a staircase to the Ecumenical Temple.
  6925 | D:7      | Found a bloodstained altar of Trog.
  7000 | D:7      | Found a shimmering altar of Xom.
  7399 | D:8      | Reached *** piety under Trog
  7611 | D:8      | Reached skill level 5 in Invocations
  7686 | D:8      | Reached skill level 9 in Maces & Flails
  8050 | D:8      | Noticed an ice statue
  8070 | D:8      | HP: 5/111 [ice beast[an ice statue] (10)]
  8073 | D:8      | Killed an ice statue
  8074 | D:8      | Reached XP level 10. HP: 8/80 MP: 17/17
  8797 | D:8      | Identified the +4 quarterstaff of Attainder {flame, Dex+3}
  8854 | D:9      | Found Guaps's Armour Shoppe.
  8890 | D:9      | Reached skill level 5 in Short Blades
  8890 | D:9      | Reached skill level 5 in Long Blades
  8890 | D:9      | Reached skill level 5 in Axes
  8890 | D:9      | Reached skill level 5 in Polearms
  8890 | D:9      | Reached skill level 5 in Staves
  8890 | D:9      | Reached skill level 5 in Slings
  8890 | D:9      | Reached skill level 5 in Bows
  8890 | D:9      | Reached skill level 5 in Crossbows
  8890 | D:9      | Reached skill level 5 in Throwing
  8890 | D:9      | Reached skill level 5 in Stealth
  8890 | D:9      | Reached skill level 5 in Shields
  8890 | D:9      | Reached skill level 5 in Unarmed Combat
  8890 | D:9      | Reached skill level 5 in Spellcasting
  8890 | D:9      | Reached skill level 5 in Evocations
  9112 | D:9      | Found a staircase to the Orcish Mines.
  9533 | D:9      | Found Qonoxys's Magic Scroll Shop.
  9541 | D:9      | Found Xesy's Antique Weapon Shop.
  9972 | D:9      | Reached **** piety under Trog
 10898 | D:9      | Bought a scroll of acquirement for 572 gold pieces
 10899 | D:9      | Acquired the +2 pair of boots of the Devil {Will+}
 10918 | D:10     | Entered Level 10 of the Dungeon
 11029 | D:10     | Reached skill level 10 in Maces & Flails
 11312 | D:10     | Noticed a two-headed ogre
 11320 | D:10     | Killed a two-headed ogre
 11450 | D:10     | Reached XP level 11. HP: 87/87 MP: 19/19
 11475 | D:10     | Reached skill level 5 in Conjurations
 11475 | D:10     | Reached skill level 5 in Hexes
 11475 | D:10     | Reached skill level 5 in Summonings
 11475 | D:10     | Reached skill level 5 in Necromancy
 11475 | D:10     | Reached skill level 5 in Translocations
 11475 | D:10     | Reached skill level 5 in Transmutations
 11475 | D:10     | Reached skill level 5 in Fire Magic
 11475 | D:10     | Reached skill level 5 in Ice Magic
 11475 | D:10     | Reached skill level 5 in Air Magic
 11475 | D:10     | Reached skill level 5 in Earth Magic
 11475 | D:10     | Reached skill level 5 in Poison Magic
 11945 | D:11     | Noticed a cyclops
 11952 | D:11     | Killed a cyclops
 12039 | D:11     | Noticed a brown ugly thing
 12045 | D:11     | Killed a brown ugly thing
 12354 | D:11     | HP: 6/133 [killer bee (6)]
 12693 | D:11     | Reached skill level 11 in Maces & Flails
 13309 | D:11     | Found a staircase to the Lair.
 13335 | D:11     | Noticed Gastronok
 13346 | D:11     | Killed Gastronok
 13616 | D:11     | Noticed a centaur warrior
 13627 | D:11     | Killed a centaur warrior
 13634 | D:11     | Reached XP level 12. HP: 96/96 MP: 22/22
 14396 | D:12     | Noticed an ogre mage
 14403 | D:12     | Killed an ogre mage
 14410 | D:12     | Noticed a boulder beetle
 14473 | D:12     | Noticed a two-headed ogre
 14479 | D:12     | Killed a two-headed ogre
 14488 | D:12     | Reached skill level 12 in Maces & Flails
 14499 | D:12     | Reached skill level 10 in Fighting
 14935 | D:12     | Found a runed translucent gate.
 14935 | D:12     | Found a runed translucent gate.
 14935 | D:12     | Found a runed translucent gate.
 14936 | D:12     | Found an opulent altar of Gozag.
 14936 | D:12     | Noticed an ogre mage
 14937 | D:12     | Noticed a tengu reaver
 14937 | D:12     | Noticed Fuumyij's ghost (journeyman DsGl)
 14971 | D:12     | Noticed a six-headed hydra
 14982 | D:12     | Killed a six-headed hydra
 15051 | D:12     | Identified the ring "Oqaig" {rC+ Str+6}
 15389 | D:12     | Killed a boulder beetle
 15390 | D:12     | Reached XP level 13. HP: 103/103 MP: 24/24
 15630 | D:12     | Identified the +1 ring mail of the Solstice {Int+4}
 15630 | D:12     | Identified the ring of Gozag's Hope {+Blink Fly AC+4}
 16245 | D:12     | Noticed a storm dragon
 16416 | Lair:1   | Entered Level 1 of the Lair of Beasts
 16866 | Lair:1   | Found a transporter.
 16942 | Lair:1   | Found a transporter.
 17463 | Lair:1   | Reached skill level 13 in Maces & Flails
 18019 | D:9      | Bought a +0 cloak for 58 gold pieces
 18999 | Lair:2   | Found a hole to the Spider Nest.
 19675 | Lair:2   | Noticed Urug
 19693 | Lair:2   | Killed Urug
 20715 | Lair:3   | Found a staircase to the Shoals.
 20722 | Lair:3   | Reached skill level 10 in Armour
 20722 | Lair:3   | Reached skill level 10 in Dodging
 20722 | Lair:3   | Reached XP level 14. HP: 113/113 MP: 26/26
 21396 | Lair:3   | Noticed Rupert
 21424 | Lair:3   | Killed Rupert
 22125 | Lair:4   | Found the +1 robe of Vines {NoPotionHeal Regen++++}
 22380 | Lair:4   | Reached skill level 14 in Maces & Flails
 22380 | Lair:4   | Reached skill level 10 in Invocations
 22707 | Lair:4   | Noticed Nessos
 22732 | Lair:4   | Killed Nessos
 23439 | Lair:4   | Noticed Kirke
 23452 | Lair:4   | Killed Kirke
 23578 | Lair:5   | Identified the +4 ring mail of Analysis {Regen+ Str-3 Int+4
                  | Slay+3}
 24049 | Lair:5   | Found a staircase to the Slime Pits.
 24080 | Lair:5   | Noticed Josephine
 24103 | Lair:5   | Killed Josephine
 24737 | Lair:6   | Entered Level 6 of the Lair of Beasts
 25426 | Lair:6   | Reached XP level 15. HP: 51/120 MP: 28/28
 26451 | Lair:6   | Reached skill level 10 in Short Blades
 26451 | Lair:6   | Reached skill level 10 in Long Blades
 26451 | Lair:6   | Reached skill level 10 in Axes
 26451 | Lair:6   | Reached skill level 15 in Maces & Flails
 26451 | Lair:6   | Reached skill level 10 in Polearms
 26451 | Lair:6   | Reached skill level 10 in Staves
 26451 | Lair:6   | Reached skill level 10 in Slings
 26451 | Lair:6   | Reached skill level 10 in Bows
 26451 | Lair:6   | Reached skill level 10 in Crossbows
 26451 | Lair:6   | Reached skill level 10 in Throwing
 26451 | Lair:6   | Reached skill level 10 in Stealth
 26451 | Lair:6   | Reached skill level 10 in Shields
 26451 | Lair:6   | Reached skill level 10 in Unarmed Combat
 26451 | Lair:6   | Reached skill level 10 in Spellcasting
 26451 | Lair:6   | Reached skill level 10 in Evocations
 28232 | Lair:6   | Identified the amulet of Existentialism {Spirit rC+ Regen+
                  | rCorr Dex+4}
 28355 | Lair:6   | Identified the +7 hand axe "Ocoukuoss" {venom, Drain Will+
                  | rCorr SInv}
 28734 | Orc:1    | Entered Level 1 of the Orcish Mines
 28738 | Orc:1    | Noticed Fannar
 28766 | D:9      | Killed Fannar
 28839 | Orc:1    | Noticed Snorg
 28849 | Orc:1    | Killed Snorg
 29264 | Orc:2    | Entered Level 2 of the Orcish Mines
 29405 | Orc:1    | Reached ***** piety under Trog
 29833 | Orc:2    | Found Tunlayqis's Self-Improvement Boutique.
 30033 | Orc:2    | Found a staircase to the Elven Halls.
 30761 | Orc:2    | Found Ceon Vie's Antique Weapon Shop.
 30761 | Orc:2    | Found Piamn's Assorted Antiques.
 30763 | Orc:2    | Found Reuxus's Armour Shop.
 30763 | Orc:2    | Found Bick's Jewellery Emporium.
 31098 | Orc:2    | Bought a +2 pair of gloves of infusion for 322 gold pieces
 31275 | D:13     | Noticed Maurice
 31288 | D:13     | Killed Maurice
 31307 | D:13     | Acquired 758 gold pieces
 31338 | D:13     | Found a frozen archway.
 31383 | IceCv    | Entered an ice cave
 31709 | IceCv    | Reached XP level 16. HP: 128/128 MP: 7/30
 33664 | D:13     | Reached skill level 16 in Maces & Flails
 33664 | D:13     | Reached XP level 17. HP: 135/135 MP: 31/31
 33785 | Orc:2    | Bought a manual of Armour for 1360 gold pieces
 34021 | D:14     | Noticed a sphinx
 34034 | D:14     | Paralysed by a sphinx for 3 turns
 34038 | D:14     | Killed a sphinx
 34815 | D:14     | Mangled by a titanic slime creature

Illustrated notes

Levels and vault maps discovered:
D:1:      matt_arrival_grand_opening, layout_rooms, minmay_misc_feat_columns,
          patterned_corridor
D:2:      minmay_alternating_diamond, layout_loops_cross, serial_rivers,
          chequers_serial_rivers_micro_b, chequers_serial_rivers_large_b,
          chequers_serial_rivers_micro_a, chequers_serial_rivers_marsh,
          chequers_serial_rivers_room_b, chequers_serial_rivers_large_a,
          dilly_ecumenical_altar_fadedgnrine, minmay_misc_feat_rows,
          nicolae_shop_unique_rings
D:3:      layout_loops_corners, chequers_temple_overflow_minitemple,
          minmay_between
D:4:      layout_rooms, nicolae_shop_clearance
D:5:      layout_gridville, nicolae_elyvilon_temple_path
D:6:      layout_loops_corners, slow_altar_1
D:7:      layout_basic, lightli_temple_of_fire, kennysheep_little_box,
          minmay_temple_entry_glassed_door
D:8:      minmay_statue_hallways, layout_loops_ring, grunt_ministairs_5
D:9:      layout_loops_cross, zombieorc1_lemuel, serial_co_window_serial,
          co_window_corner_a, co_window_paths_b, co_window_of_opportunity_a,
          co_window_paths_a, co_window_paths_b, co_window_of_opportunity_c,
          co_window_corner_ca, co_window_of_opportunity_c, co_window_paths_e,
          glass_columns_a, glass_columns_a, serial_shops, shop_statue,
          kennysheep_mini_moat, shop, minmay_door_square, minivault_26
D:10:     layout_loops_ring
D:11:     layout_roguey, lair_entry_dummy, special_room [special_room_bee],
          grunt_ministairs_2, uniq_gastronok
D:12:     minmay_the_grid_octo_tiled_squarecenter
          [minmay_the_grid_octo_tetromino_candy, minmay_the_grid_octo_odd_swirl,
          minmay_the_grid_octo_toaster, minmay_the_grid_octo_checkered,
          minmay_the_grid_square_5x5_megaprize_diamond,
          minmay_the_grid_square_5x5_bracketed,
          minmay_the_grid_square_5x5_percent, minmay_the_grid_square_5x5_meh,
          minmay_the_grid_square_5x5_eight], layout_rooms, ebering_ghost_gozag
D:13:     layout_cave_pools, portal_ice_cave_rime, uniq_maurice
D:14:     kennysheep_funnel, layout_loops_ring, grunt_vaults_entry_fortified,
          chequers_big_river, trog_three_pillars_becter
Lair:1:   layout_roguey, gammafunk_ghost_abyssal_escape, serial_bayou_ford_a
Lair:2:   layout_roguey, spider_nest_entry_web_field, grunt_megastairs_5,
          uniq_urug
Lair:3:   layout_cave_pods, minmay_shoals_entry_beasts, worms_lemuel,
          lemuel_fruit_fields, uniq_rupert
Lair:4:   layout_gridlike, hellmonk_guarded_unrand_vines, uniq_kirke,
          uniq_nessos
Lair:5:   layout_gridlike, nicolae_slime_entry_slimehenge, uniq_josephine
Lair:6:   minmay_lair_end_enchanted_forest, layout_hall_layers,
          hibernation_bobbens, serial_bayou_shore_a, infiniplex_staircase_pool_2
Orc:1:    layout_caves, uniq_fannar, uniq_snorg
Orc:2:    grunt_orc_tribal_feast, layout_caves, nicolae_shop_self_help

Skill      XL: |  1  2  3  4  5  6  7  8  9 10 11 12 13 14 15 16 17 |
---------------+----------------------------------------------------+-----
Invocations    | 1 2 3 4 5 6 7 8 9 10 11 12 | 12.0
Short Blades   | 1 2 3 4 5 6 7 8 9 10 11 | 11.0
Long Blades    | 1 2 3 4 5 6 7 8 9 10 11 | 11.0
Axes           | 1 2 3 4 5 6 7 8 9 10 11 | 11.0
Polearms       | 1 2 3 4 5 6 7 8 9 10 11 | 11.0
Staves         | 1 2 3 4 5 6 7 8 9 10 11 | 11.0
Slings         | 1 2 3 4 5 6 7 8 9 10 11 | 11.0
Bows           | 1 2 3 4 5 6 7 8 9 10 11 | 11.0
Crossbows      | 1 2 3 4 5 6 7 8 9 10 11 | 11.0
Throwing       | 1 2 3 4 5 6 7 8 9 10 11 | 11.0
Stealth        | 1 2 3 4 5 6 7 8 9 10 11 | 11.0
Shields        | 1 2 3 4 5 6 7 8 9 10 11 | 11.0
Unarmed Combat | 1 2 3 4 5 6 7 8 9 10 11 | 11.0
Spellcasting   | 1 2 3 4 5 6 7 8 9 10 11 | 11.0
Evocations     | 1 2 3 4 5 6 7 8 9 10 11 | 11.0
Conjurations   | 1 2 3 4 5 6 7 8 9 |  9.3
Hexes          | 1 2 3 4 5 6 7 8 9 |  9.3
Summonings     | 1 2 3 4 5 6 7 8 9 |  9.3
Necromancy     | 1 2 3 4 5 6 7 8 9 |  9.3
Translocations | 1 2 3 4 5 6 7 8 9 |  9.3
Transmutations | 1 2 3 4 5 6 7 8 9 |  9.3
Fire Magic     | 1 2 3 4 5 6 7 8 9 |  9.3
Ice Magic      | 1 2 3 4 5 6 7 8 9 |  9.3
Air Magic      | 1 2 3 4 5 6 7 8 9 |  9.3
Earth Magic    | 1 2 3 4 5 6 7 8 9 |  9.3
Poison Magic   | 1 2 3 4 5 6 7 8 9 |  9.3
Armour         | 5 6 7 8 9 10 11 12 | 12.0
Dodging        | 5 6 7 8 9 10 11 | 11.9
Fighting       | 7 8 9 10 11 12 | 12.7
Maces & Flails | 7 8 9 10 11 12 13 14 15 16 | 16.2

Action                   |  1- 3 |  4- 6 |  7- 9 | 10-12 | 13-15 | 16-18 || total
-------------------------+-------+-------+-------+-------+-------+-------++-------
Melee: Mace              |   127 |    44 |       |       |       |       ||   171
       Bite              |     7 |    10 |    44 |    90 |   312 |    58 ||   521
       Punch             |     1 |     1 |     2 |       |       |       ||     4
       Flail             |       |    83 |   225 |       |       |       ||   308
       Dire flail        |       |       |   142 |   651 |       |       ||   793
       Morningstar       |       |       |       |     4 |  1853 |   263 ||  2120
Throw: Stone             |       |     6 |    12 |       |       |       ||    18
       Throwing net      |       |       |     1 |       |     1 |       ||     2
       Dart              |       |       |       |    44 |   185 |    12 ||   241
       Boomerang         |       |       |       |       |    53 |       ||    53
Invok: Berserk           |       |     4 |     9 |    17 |    30 |     5 ||    65
       Trog's Hand       |       |       |     3 |    11 |    12 |     1 ||    27
       Brothers in Arms  |       |       |       |     1 |     3 |       ||     4
Evoke: Wand              |       |       |       |     1 |     6 |     1 ||     8
       Lightning rod     |       |       |       |       |     4 |       ||     4
  Use: Scroll            |       |     9 |    10 |    10 |    11 |     2 ||    42
       Potion            |       |       |       |     4 |     1 |     1 ||     6
 Stab: Sleeping          |     1 |       |       |       |       |     2 ||     3
       Petrified         |       |       |       |       |     4 |       ||     4
       Distracted        |       |       |       |       |     1 |       ||     1
       Confused          |       |       |       |       |       |     1 ||     1
Armor: Animal skin       |    12 |       |       |       |       |       ||    12
       Plate armour      |    46 |    92 |   204 |   376 |   182 |       ||   900
       Skin              |       |       |       |    30 |       |       ||    30
       Chain mail        |       |       |       |       |   614 |   161 ||   775
Dodge: Dodged            |    66 |    48 |   153 |   279 |   672 |   115 ||  1333
Block: Kite shield       |       |       |       |     3 |   930 |   166 ||  1099

Table legend: (Time is in decaauts)
 A = Elapsed time spent in this place.
 B = Non-inter-level travel time spent in this place.
 C = Inter-level travel time spent in this place.
 D = Time resting spent in this place.
 E = Time spent auto-exploring this place.
 F = Levels seen in this place.
 G = Mean time per level.
                   A        B        C        D        E       F      G
               +--------+--------+--------+--------+--------+-----+--------+
         Total |  35022 |  32672 |   2350 |   4794 |  21608 |  23 | 1522.7 |
       Dungeon |  19031 |  17553 |   1478 |   2854 |  11760 |  14 | 1359.4 |
          Lair |  12215 |  11672 |    543 |    749 |   8639 |   6 | 2035.8 |
  Orcish Mines |   2446 |   2117 |    329 |    499 |    891 |   2 | 1223.0 |
      Ice Cave |   1328 |   1328 |      0 |    691 |    317 |   1 | 1328.0 |
               +--------+--------+--------+--------+--------+-----+--------+

Top non-repeatable levels by time:
  Lair:6: 2985 daAuts
    D:11: 2496 daAuts
  Lair:3: 2324 daAuts
    D:12: 2207 daAuts
     D:9: 1988 daAuts
  Lair:5: 1979 daAuts
  Lair:2: 1958 daAuts
     D:8: 1821 daAuts
  Lair:1: 1660 daAuts
     D:6: 1491 daAuts
   IceCv: 1328 daAuts
  Lair:4: 1306 daAuts
    D:10: 1289 daAuts
     D:3: 1235 daAuts
   Orc:1: 1227 daAuts
